AoeStats
← 888

Black Forest

506114958Analyzed
4v4 RM · 20d ago on Sep 12, 2026· 48m 14s· 8 players
Game mode
Random Map
Map size
Large (8 player)
Population
200
Speed
Normal
Resources
Standard
Victory
Conquest
Starting age
Dark Age
Ending age
Imperial Age
RankedLock teamsTeams togetherTeam positionsShared explorationLock speedFull tech treeHidden civsTurbo modeCheats
Victory
Defeat
🇧🇷 Persians · Brazil
1314
+16
🇧🇷 Bengalis · Brazil
1280
+17
🇫🇷 Saracens · France
1255
+18
🇺🇸 Spanish · United States
1242
+19
1336
-18
🇻🇳 Spanish · Vietnam
1332
-19
🇦🇺 Romans · Australia
1306
-18
🇫🇷 Khmer · France
1249
-15
eletronvalente
1:12 Loom
11:45 Feudal Age
16:31 Castle Age
15:23 Double-Bit Axe
15:22 Horse Collar
23:57 Bow Saw
26:07 Wheelbarrow
30:41 Imperial Age
28:02 Town Watch
28:16 Fletching
28:44 Gold Mining
28:44 Stone Mining
29:27 Padded Archer Armor
29:59 Scale Mail Armor
30:41 Ballistics
30:32 Masonry
31:07 Leather Archer Armor
31:45 Conscription
33:39 Bodkin Arrow
33:41 Elite Skirmisher
35:21 Heavy Plow
37:29 Bracer
42:07 Chemistry
41:23 Chain Mail Armor
41:19 Forging
41:15 Scale Barding Armor
42:15 Gold Shaft Mining
41:30 Stone Mining
42:17 Ring Archer Armor
45:42 Iron Casting
45:44 Crop Rotation
46:38 Chain Barding Armor
Soaking Dill
6:04 Loom
10:45 Feudal Age
11:54 Double-Bit Axe
15:41 Horse Collar
18:22 Castle Age
16:37 Fishing Lines
20:32 Bow Saw
22:58 Heavy Plow
22:52 Gold Mining
23:16 Stone Mining
23:30 Gillnets
25:06 Wheelbarrow
24:45 Padded Archer Armor
25:19 Town Watch
26:57 Heavy Plow
28:49 Bloodlines
29:31 Husbandry
32:08 Imperial Age
30:30 Leather Archer Armor
30:41 Hand Cart
31:45 Fletching
33:11 Conscription
34:45 Chemistry
34:17 Ring Archer Armor
33:08 Elite Conquistador
38:33 Bodkin Arrow
888
9:34 Feudal Age
10:08 Double-Bit Axe
13:33 Fletching
14:38 Horse Collar
22:49 Castle Age
21:01 Gold Mining
22:09 Scale Barding Armor
22:53 Bloodlines
22:58 Forging
24:05 Loom
25:34 Heavy Plow
26:39 Bow Saw
28:10 Bodkin Arrow
28:35 Crossbowman
34:30 Imperial Age
32:39 Wheelbarrow
33:46 Thumb Ring
34:31 Gold Shaft Mining
35:40 Conscription
35:17 Arbalester
36:30 Ballistics
37:10 Chemistry
36:45 Bracer
38:03 Hand Cart
39:49 Padded Archer Armor
41:31 Leather Archer Armor
41:53 Husbandry
41:13 Light Cavalry
42:44 Conscription
44:18 Ring Archer Armor
44:09 Chain Barding Armor
44:25 Iron Casting
43:22 Hussar
44:14 Stone Mining
44:08 Capped Ram
PedrodeMatos
11:53 Feudal Age
12:36 Double-Bit Axe
15:36 Castle Age
15:15 Fishing Lines
16:42 Bow Saw
19:07 Gillnets
20:27 Gold Mining
22:06 Wheelbarrow
23:30 Hand Cart
23:18 Stone Mining
24:58 Gold Shaft Mining
28:12 Imperial Age
26:07 Bloodlines
25:58 Husbandry
26:12 Scale Barding Armor
26:50 Forging
26:44 Horse Collar
27:13 Loom
28:13 Chain Barding Armor
28:33 Heavy Plow
29:51 Two-Man Saw
29:30 Plate Barding Armor
29:56 Conscription
30:33 Iron Casting
29:57 Elite War Elephant
32:27 Devotion
33:32 Blast Furnace
31:55 Light Cavalry
33:50 Faith
33:23 Fletching
34:01 Caravan
34:11 Guilds
35:05 Masonry
35:55 Chemistry
36:09 Bodkin Arrow
36:45 Architecture
38:46 Hussar
40:24 Crop Rotation
39:43 Town Watch
40:23 Ballistics
43:29 Hoardings
46:40 Citadels
Psychedelonaut
0:46 Loom
12:03 Feudal Age
15:22 Fletching
22:03 Double-Bit Axe
23:01 Horse Collar
27:35 Castle Age
30:46 Imperial Age
Zuvela
0:53 Loom
11:51 Feudal Age
11:56 Man-at-Arms
12:41 Double-Bit Axe
18:01 Castle Age
16:06 Horse Collar
19:58 Wheelbarrow
19:51 Bow Saw
24:13 Heavy Plow
26:11 Hand Cart
30:43 Imperial Age
28:04 Pikeman
28:57 Gold Mining
30:59 Squires
32:35 Halberdier
34:11 Conscription
36:17 Scale Mail Armor
35:41 Heavy Scorpion
40:35 Chain Mail Armor
40:31 Forging
42:15 Long Swordsman
电脑人-偷家鸡鸡短三寸-
1:53 Loom
10:36 Feudal Age
14:23 Castle Age
12:51 Double-Bit Axe
16:18 Fletching
24:40 Wheelbarrow
25:28 Bow Saw
26:27 Gold Mining
26:23 Horse Collar
28:10 Gold Shaft Mining
31:38 Imperial Age
30:25 Hand Cart
29:55 Town Watch
29:43 Pikeman
30:37 Squires
30:22 Gambesons
30:57 Scale Mail Armor
31:07 Forging
32:03 Chain Mail Armor
31:41 Halberdier
32:47 Conscription
33:08 Iron Casting
34:04 Plate Mail Armor
33:45 Elite Skirmisher
35:47 Two-Man Saw
34:44 Bodkin Arrow
34:30 Crossbowman
34:58 Arbalester
36:10 Thumb Ring
36:27 Bracer
38:09 Ballistics
38:50 Chemistry
37:56 Siege Engineers
Vince
11:30 Feudal Age
15:07 Castle Age
13:04 Double-Bit Axe
13:01 Horse Collar
16:17 Bow Saw
16:08 Heavy Plow
16:45 Stone Mining
16:45 Gold Mining
21:22 Wheelbarrow
21:45 Gold Mining
22:30 Stone Shaft Mining
25:18 Fletching
25:28 Padded Archer Armor
26:44 Hand Cart
26:20 Loom
31:17 Imperial Age
29:29 Fervor
29:48 Sanctity
30:31 Bloodlines
30:21 Husbandry
31:30 Bodkin Arrow
31:51 Leather Archer Armor
32:54 Illumination
32:57 Conscription
31:57 Elite Conquistador
33:22 Block Printing
36:31 Bracer
37:01 Ring Archer Armor
42:05 Redemption
42:16 Redemption
Connection lost

Rejoining the realm…

Still unreachable

The connection could not be restored.

Session expired

The server has moved on; the page needs a fresh start.